 Dungeon Crawl Stone Soup version 0.18.1-50-g88ac8fd (webtiles) character file.

192 Amnesiac the Charlatan (level 5, -1/28 HPs)
             Began as a Deep Elf Artificer on Feb 27, 2018.
             Slain by a kobold
             ... wielding a +0 dagger
              (2 damage)
             ... on level 3 of the Dungeon on Feb 28, 2018.
             The game lasted 00:03:59 (1765 turns).

Amnesiac the Charlatan (Deep Elf Artificer)         Turns: 1765, Time: 00:04:00

Health: -1/28      AC:  3    Str:  8    XL:     5   Next: 42%
Magic:  12/12      EV: 12    Int: 18    God:
Gold:   85         SH:  0    Dex: 15    Spells: 0 memorised, 4 levels left

rFire  . . .     SeeInvis .     a - +0 short sword
rCold  . . .     Gourm    .     b - +0 leather armour
rNeg   . . .     Faith    .     (no shield)
rPois  .         Spirit   .     (no helmet)
rElec  .         Dismiss  .     (no cloak)
rCorr  .         Reflect  .     (no gloves)
SustAt .         Harm     .     (no boots)
MR     .....                    (no amulet)
Stlth  ++........               (no ring)
                                (no ring)

@: lethally poisoned (-1 -> -3), hasted, very quick, not resistant to hostile
enchantments, unstealthy
A: no striking features
a: no special abilities


You were on level 3 of the Dungeon.
You were near starving.

You visited 1 branch of the dungeon, and saw 4 of its levels.

You collected 85 gold pieces.

Inventory:

Hand Weapons
 a - a +0 short sword (weapon)
 i - a cursed -1 whip
 C - a +0 blowgun
Missiles
 g - 21 poisoned needles
 l - 80 stones (quivered)
Armour
 b - a +0 leather armour (worn)
 B - a +0 hat
Jewellery
 q - an uncursed amulet of guardian spirit {unknown}
 w - a +4 ring of strength {unknown}
Wands
 c - a wand of flame (0/48)
 d - a wand of enslavement (14/24)
 e - a wand of random effects (7/48)
Scrolls
 j - 2 scrolls of magic mapping {!r}
 o - 2 scrolls of identify {!r, unknown}
 r - a scroll of enchant weapon {!r, unknown}
 t - a scroll of fear {!r, unknown}
 v - a scroll of fog {!r, unknown}
 y - a scroll of recharging {!r, unknown}
 A - a scroll of remove curse {!r, unknown}
Potions
 m - a potion of curing {!q, unknown}
 n - a potion of ambrosia {!q, unknown}
 s - a potion of heal wounds {!q, unknown}
 u - a potion of resistance {!q, unknown}
Comestibles
 f - 2 bread rations
 h - a slice of pizza
 k - a beef jerky
 p - 3 fruits
 x - a meat ration


   Skills:
 - Level 0.7 Fighting
 - Level 1.0 Short Blades
 - Level 2.4 Dodging
 - Level 1.2 Stealth
 + Level 6.8 Evocations


You had 4 spell levels left.
You didn't know any spells.

Dungeon Overview and Level Annotations

Branches:
Dungeon (4/15)
 Temple: D:4-7

Altars:

Annotations:
D:4 Amnesiac's ghost, weakling DEFi


Message History

You are poisoned.
You see here a poisoned needle.
You feel sick.
The kobold shoots a poisoned needle.
The poisoned needle misses you.
You feel sick.
You feel sick.
The kobold unwields an uncursed blowgun.
The kobold completely misses you.
You see here a poisoned needle.
You hit the kobold.
You kill the kobold!
You feel sick.
Found a silvery potion.
g - 20 poisoned needles (gained 11)
You see here an uncursed blowgun.
C - an uncursed blowgun You feel sick.
A kobold comes into view. It is wielding a dagger.
You see here a poisoned needle.
You feel sick.
A kobold comes into view.
The kobold shouts!
The kobold throws a stone.
The stone hits you.
* * * LOW HITPOINT WARNING * * *
You see here a poisoned needle.
g - 21 poisoned needles (gained 1)
You feel sick.
The kobold shouts!
The kobold zaps a wand.
Some rock shatters into small pieces.
It is a wand of digging.
The kobold throws a stone.
The stone hits you but does no damage.
Evoke which item? (* to show all) (? for menu, Esc to quit)
Zapping:
e - a wand of random effects (10/48)
Press: ? - help, Shift-Dir - straight line, f - kobold
Aim: a kobold The kobold appears confused.
This wand has 9 charges left.
Evoke which item? (* to show all) (? for menu, Esc to quit)
Zapping:
e - a wand of random effects (9/48)
Press: ? - help, Shift-Dir - straight line, f - kobold, p - kobold
Aim: a kobold, wielding a dagger and carrying a wand of digging {zapped: 1} The kobold flickers and vanishes!
Deactivating autopickup; reactivate with Ctrl-A.
This wand has 8 charges left.
You feel sick.
Evoke which item? (* to show all) (? for menu, Esc to quit)
Zapping:
e - a wand of random effects (8/48)
Press: ? - help, Shift-Dir - straight line, f - adder
Aim: an adder The adder flickers and vanishes!
This wand has 7 charges left.
The kobold mumbles something.
Something hits you.
* * * LOW HITPOINT WARNING * * *
Unknown command.
Evoke which item? (* to show all) (? for menu, Esc to quit)
Zapping:
d - a wand of enslavement (15/24)
Press: ? - help, Shift-Dir - straight line Nothing appears to happen.
This wand has 14 charges left.
Something hits you.
* * * LOW HITPOINT WARNING * * *
Something bites you but does no damage.
Unknown command.
Drink which item? (? for menu, Esc to quit)
Really quaff
z - a black potion {!q}?
It was a potion of haste {!q}.
You feel yourself speed up. Something hits you.
You die...

##...........#........##.##
*******#.#.......................
,,**,,,.....###.........#........
,,,,,,,.....#*#.........#....#.<#
,,,,,,.......####.#........#.#...
,,,,,,.................###...#...
,,,>,,,,,,,#..............#.....,
,,,,,,,,,..#....................,
,,,,,,,,,.......@..............,,
,,,,,,,,,....#K...(.....).##.#,**
,,,,,,,,,....................#,**
,,,,,,,,,.....#.......(...#.....,
,,**,,,,,....#####........#,.#.#,
,,,,,,,,,...#*,,,#####....#,,,,*,
,,,,,,,,,..#*,,,,,** ####....,,,,
,,,,*,,,,..*,,,,,,,******#.....**
,,,,,,,,,,,*,,,_,,,*,,,,,,.....,,


You could see a kobold (confused).

Vanquished Creatures
  A scorpion (D:4)
  A howler monkey (D:4)
  A hound (D:4)
  A worker ant (D:4)
  3 adders
  An ooze (D:3)
  A dart slug (D:4)
  A giant gecko (D:3)
  An orc (D:3)
  3 giant cockroaches
  A hobgoblin (D:1)
  2 jackals (D:3)
  2 kobolds
  A quokka (D:4)
  3 bats (D:1)
23 creatures vanquished.

Notes
Turn   | Place    | Note
--------------------------------------------------------------
     0 | D:1      | Amnesiac the Deep Elf Artificer began the quest for the Orb.
     0 | D:1      | Reached XP level 1. HP: 11/11 MP: 5/5
   499 | D:2      | Reached skill level 4 in Evocations
   499 | D:2      | Reached XP level 2. HP: 16/16 MP: 7/7
   570 | D:3      | Reached XP level 3. HP: 20/20 MP: 8/8
   656 | D:4      | Reached skill level 5 in Evocations
   822 | D:4      | Reached XP level 4. HP: 8/24 MP: 8/10
  1099 | D:4      | Noticed Amnesiac's ghost (weakling DEFi)
  1181 | D:4      | Reached skill level 6 in Evocations
  1200 | D:4      | Reached XP level 5. HP: 27/28 MP: 10/12
  1764 | D:3      | HP: 1/28 [something (2)]
  1765 | D:3      | Slain by a kobold

Skill      XL: |  1  2  3  4 |
---------------+-------------+-----
Evocations     | 4 5 6 |  6.8
Fighting       | |  0.7
Short Blades   | |  1.0
Dodging        | |  2.4
Stealth        | |  1.2

Action                   |  1- 3 |  4- 6 || total
-------------------------+-------+-------++-------
Melee: Short sword       |    64 |    28 ||    92
Evoke: Wand              |    12 |    12 ||    24
  Use: Scroll            |       |     1 ||     1
       Potion            |       |     1 ||     1
 Stab: Sleeping          |     3 |       ||     3
       Confused          |       |     2 ||     2
  Eat: Chunk             |       |     1 ||     1
Armor: Leather armour    |    19 |     7 ||    26
Dodge: Dodged            |    61 |    20 ||    81
